 Dungeon Crawl Stone Soup version 0.27-a0-597-g524d869a0f (webtiles) character file.

Game seed: 6432204836171626821

9481 sahdkjhfkaj the Destroyer (level 11, -9/64 HPs)
             Began as a Tengu Earth Elementalist on Mar 12, 2021.
             Was an Elder of Fedhas.
             Mangled by a polar bear (24 damage)
             ... on level 1 of the Lair of Beasts.
             The game lasted 00:21:45 (16679 turns).

sahdkjhfkaj the Destroyer (TeEE)                   Turns: 16679, Time: 00:21:46

Health: -9/64      AC:  6    Str:  9    XL:     11   Next: 47%
Magic:  7/30       EV: 20    Int: 17    God:    Fedhas [****..]
Gold:   768        SH:  0    Dex: 16    Spells: 16/22 levels left

rFire    . . .     SeeInvis .   a - +2 dagger (elec)
rCold    . . .     Faith    .   (no shield)
rNeg     . . .     Spirit   .   N - +0 ring mail "Qiehydo" {rElec MP+9}
rPois    .         Reflect  .   (helmet restricted)
rElec    +         Harm     .   (no cloak)
rCorr    .         Rampage  .   i - +0 pair of gloves
Will     +....                  (boots unavailable)
Stlth    +.........             c - amulet of the acrobat
HPRegen  0.20/turn              J - ring of willpower
MPRegen  0.22/turn              r - +4 ring of evasion

@: flying quickly and evasively, very slightly contaminated, quick
A: beak, talons 3, able to fly
a: Stop Flying, Renounce Religion, Wall of Briars, Grow Ballistomycete, Overgrow


You were on level 1 of the Lair of Beasts.
You worshipped Fedhas.
Fedhas was greatly pleased with you.
You visited 3 branches of the dungeon, and saw 12 of its levels.

You collected 768 gold pieces.

Inventory:

Hand Weapons
 a - a +2 dagger of electrocution (weapon)
 b - a +0 dagger of venom
Missiles
 v - 418 stones
Armour
 i - a +0 pair of gloves (worn)
 N - the +0 ring mail "Qiehydo" (worn) {rElec MP+9}
   (You found it on level 10 of the Dungeon)

   It insulates you from electricity.
   It affects your magic capacity (+9).
Jewellery
 c - an amulet of the acrobat (around neck)
 e - a +6 ring of strength
 r - a +4 ring of evasion (left hand)
 u - an amulet of reflection
 G - a ring of positive energy
 J - a ring of willpower (right hand)
 K - an amulet of regeneration
Wands
 q - a wand of iceblast (2)
 s - a wand of random effects (17)
 y - a wand of flame (3)
 C - a wand of polymorph (6)
 H - a wand of acid (9)
 L - a wand of paralysis (9)
Scrolls
 d - 8 scrolls of enchant weapon
 f - 8 scrolls of teleportation
 g - a scroll of immolation
 h - 3 scrolls of enchant armour
 k - 4 scrolls of magic mapping
 l - 9 scrolls of identify {unknown}
 m - 2 scrolls of random uselessness {unknown}
 o - 2 scrolls of blinking {unknown}
 t - 2 scrolls of fear {unknown}
 x - 6 scrolls of amnesia
 B - 2 scrolls of fog {unknown}
Potions
 j - 2 potions of haste {unknown}
 n - 5 potions of attraction {unknown}
 p - 3 potions of brilliance {unknown}
 w - 2 potions of heal wounds {unknown}
 z - a potion of cancellation {unknown}
 A - 3 potions of curing {unknown}
 D - a potion of ambrosia {unknown}
 E - a potion of flight {unknown}
 F - a potion of lignification {unknown}
 I - 2 potions of degeneration {unknown}
 M - 2 potions of might {unknown}


   Skills:
 - Level 6.0 Fighting
 + Level 8.4 Dodging
 - Level 2.0 Stealth
 - Level 4.0 Shields
 - Level 6.0 Spellcasting
 - Level 10.0 Conjurations
 - Level 1.0 Translocations
 - Level 1.0 Transmutations
 - Level 2.1 Earth Magic
 - Level 8.0 Invocations
 - Level 5.0 Evocations


You had 16 spell levels left.
You knew the following spells:

 Your Spells              Type           Power      Damage    Failure   Level
a - Sandblast             Erth           24%        2d8       14%         1
b - Stone Arrow           Conj/Erth      50%        3d10      9%          3
c - Passwall              Tmut/Erth      8%         N/A       28%         2

Your spell library contained the following spells:

 Spells                   Type           Power      Damage    Failure   Level
 Petrify                  Tmut/Erth      10%        N/A       88%         4
 Lee's Rapid Deconstruct  Erth           6%         3d7*      99%         5


Dungeon Overview and Level Annotations

Branches:
Dungeon (10/15)            Temple (1/1) D:4            Lair (1/6) D:9
    Orc: D:9-12

Altars:
Ashenzari
Cheibriados
Dithmenos
Elyvilon
Fedhas
Gozag
Hepliaklqana
Kikubaaqudgha
Makhleb
Nemelex Xobeh
Okawaru
Qazlal
Ru
Sif Muna
Trog
Uskayaw
Vehumet
Wu Jian
Xom
Yredelemnul
Zin
The Shining One

Shops:
D:7 [


Innate Abilities, Weirdness & Mutations

You have a beak for a mouth.
You have claws for feet.
You can fly continuously.


Message History

The polar bear goes berserk!
Casting: Stone Arrow (dangerous; 9% risk of failure)
Confirm with . or Enter, or press ? or * to list all spells.
Aiming: Stone Arrow (dangerous; 9% risk of failure)
Press: ? - help, Shift-Dir - straight line, f/p - polar bear
Aim: a polar bear (severely wounded, berserk, 21% to evade)
The stone arrow hits the polar bear!
The polar bear is almost dead.
The polar bear barely misses you. x2
The polar bear claws you but does no damage.
Casting: Stone Arrow (dangerous; 9% risk of failure)
Confirm with . or Enter, or press ? or * to list all spells.
Aiming: Stone Arrow (dangerous; 9% risk of failure)
Press: ? - help, Shift-Dir - straight line, f/p - polar bear
Aim: a polar bear (almost dead, berserk, 21% to evade)
The stone arrow misses the polar bear.
The polar bear misses you. The polar bear claws you.
The polar bear barely misses you. The polar bear bites you.
The polar bear closely misses you. The polar bear claws you.
Casting: Stone Arrow (dangerous; 9% risk of failure)
Confirm with . or Enter, or press ? or * to list all spells.
Aiming: Stone Arrow (dangerous; 9% risk of failure)
Press: ? - help, Shift-Dir - straight line, f/p - polar bear
Aim: a polar bear (almost dead, berserk, 21% to evade)
The stone arrow misses the polar bear.
The polar bear bites you! The polar bear closely misses you.
The polar bear completely misses you.
Unknown command.
Casting: Stone Arrow (dangerous; 9% risk of failure)
Confirm with . or Enter, or press ? or * to list all spells.
Aiming: Stone Arrow (dangerous; 9% risk of failure)
Press: ? - help, Shift-Dir - straight line, f/p - polar bear
Aim: a polar bear (almost dead, berserk, 21% to evade)
You miscast Stone Arrow.
You are very lightly contaminated with residual magic.
Nothing appears to happen.
The polar bear bites you!!
* * * LOW HITPOINT WARNING * * *
The polar bear claws you but does no damage.
The polar bear closely misses you. The polar bear bites you!!
You die...
Fedhas appreciates your contribution to the ecosystem.

#. ## #>
##.###.#####
...........#
...........##
............#..
..>............
......h@....#
............#
...............
...........##..
......)....# .
...........#
#.###.##.### ##
## ##


You could see a polar bear (berserk).

Vanquished Creatures
  2 two-headed ogres
  3 death yaks (D:8)
  Pikel (D:5)
  Maggie (D:6)
  A komodo dragon (D:9)
  Grinder (D:3)
  2 trolls
  A wraith (D:10)
  2 wyverns
  Menkaure (D:6)
  A water moccasin (D:10)
  A sky beast (D:10)
  Duvessa (D:5)
  2 necrophages (D:10)
  An ice beast (D:7)
  2 black bears
  8 centaurs
  2 ogres
  A kobold brigand (D:8)
  3 phantoms
  A wyvern zombie (D:10)
  Blork the orc (D:5)
  2 gnoll sergeants
  Dowan (D:5)
  4 scorpions
  A water moccasin skeleton (D:4)
  A jelly (D:8)
  2 electric eels (D:8)
  A howler monkey (D:9)
  A centaur zombie (D:8)
  A bullfrog zombie (D:6)
  2 bullfrog skeletons (D:6)
  9 orc priests
  2 hounds
  2 centaur skeletons
  Jessica (D:9)
  Ijyb (D:4)
  An iguana (D:9)
  9 orc wizards
  8 worker ants
  A hound skeleton (D:5)
  A howler monkey zombie (D:10)
  11 adders
  9 gnolls
  2 river rats (D:9)
  A shadow imp (D:9)
  3 white imps
  2 ufetubi
  3 oozes
  2 adder skeletons
  2 worms (D:2)
  A dart slug (D:2)
  8 leopard geckos
  29 orcs
  5 giant cockroaches
  15 goblins
  5 hobgoblins
  6 jackals
  13 kobolds
  4 quokkas
  2 ball pythons
  10 bats
  4 frilled lizards
  A jackal skeleton (D:4)
  9 rats
237 creatures vanquished.

Vanquished Creatures (others)
  36 plants (D:8)
  17 toadstools (D:8)
53 creatures vanquished.

Grand Total: 290 creatures vanquished

Notes
Turn   | Place    | Note
-------+----------+-------------------------------------------
     0 | D:1      | sahdkjhfkaj the Tengu Earth Elementalist began the quest
                  | for the Orb.
     0 | D:1      | Reached XP level 1. HP: 10/10 MP: 4/4
   372 | D:1      | Reached XP level 2. HP: 15/15 MP: 6/6
   437 | D:1      | Learned a level 2 spell: Passwall
   945 | D:1      | Reached XP level 3. HP: 19/19 MP: 8/8
   975 | D:1      | Learned a level 3 spell: Stone Arrow
  1703 | D:2      | Reached XP level 4. HP: 24/24 MP: 8/10
  1774 | D:2      | Reached skill level 1 in Conjurations
  2208 | D:3      | Reached skill level 2 in Conjurations
  2899 | D:3      | Noticed Grinder
  2930 | D:4      | Reached skill level 3 in Conjurations
  3052 | D:4      | Found an ornate altar of the Wu Jian Council.
  3108 | D:4      | Gained mutation: You can fly continuously. [Tengu growth]
  3108 | D:4      | Reached XP level 5. HP: 28/28 MP: 4/12
  3483 | D:4      | Noticed a phantom
  3496 | D:4      | Killed a phantom
  3497 | D:4      | Reached skill level 4 in Conjurations
  3901 | D:4      | Found a staircase to the Ecumenical Temple.
  3906 | D:4      | Reached skill level 5 in Conjurations
  3912 | Temple   | Entered the Ecumenical Temple
  4076 | Temple   | Became a worshipper of Fedhas Madash
  4157 | D:4      | Noticed Ijyb
  4171 | D:4      | Killed Ijyb
  4172 | D:4      | Reached skill level 1 in Fighting
  4172 | D:4      | Reached XP level 6. HP: 25/34 MP: 13/13
  4560 | D:3      | Killed Grinder
  4561 | D:3      | Reached skill level 6 in Conjurations
  4561 | D:3      | Reached XP level 7. HP: 20/38 MP: 3/14
  6159 | D:4      | Found a shimmering altar of Xom.
  6165 | D:4      | Found a glowing silver altar of Zin.
  6165 | D:4      | Found a basalt altar of Yredelemnul.
  6173 | D:4      | Found a radiant altar of Vehumet.
  6265 | D:5      | Entered Level 5 of the Dungeon
  6269 | D:5      | Reached skill level 5 in Dodging
  6367 | D:5      | Reached skill level 1 in Evocations
  6470 | D:5      | Noticed Blork the orc
  6480 | D:5      | Killed Blork the orc
  6631 | D:5      | Noticed Duvessa
  6633 | D:5      | Noticed Dowan
  6636 | D:5      | Killed Duvessa
  6636 | D:5      | Reached * piety under Fedhas
  6637 | D:5      | Reached XP level 8. HP: 43/43 MP: 2/16
  6637 | D:5      | Killed Dowan
  6638 | D:5      | Reached skill level 5 in Spellcasting
  6764 | D:5      | Noticed Pikel
  6781 | D:5      | Killed Pikel
  6782 | D:5      | Reached skill level 8 in Conjurations
  6988 | D:5      | Found a shimmering altar of Xom.
  7099 | D:5      | Found a stormy altar of Qazlal.
  7696 | D:6      | Found an ancient bone altar of Kikubaaqudgha.
  7937 | D:6      | Noticed Maggie
  7944 | D:6      | Killed Maggie
  7945 | D:6      | Reached XP level 9. HP: 52/52 MP: 7/17
  8323 | D:7      | Found Meuc's Armour Emporium.
  8377 | D:7      | Reached skill level 5 in Invocations
  8819 | D:7      | Reached ** piety under Fedhas
  8931 | D:7      | Noticed Menkaure
  9114 | D:6      | Killed Menkaure
  9115 | D:6      | Reached skill level 5 in Evocations
  9115 | D:6      | Reached skill level 1 in Shields
  9985 | D:8      | Noticed a two-headed ogre
 10485 | D:8      | Reached XP level 10. HP: 44/54 MP: 4/18
 10485 | D:8      | Reached *** piety under Fedhas
 10575 | D:8      | Killed a two-headed ogre
 11117 | D:8      | Found a blossoming altar of Fedhas.
 11136 | D:8      | Noticed an oklob plant
 11435 | D:9      | Noticed a death yak
 11442 | D:9      | Noticed a death yak
 11870 | D:9      | Noticed a death yak
 11872 | D:9      | Found a staircase to the Lair.
 12031 | D:8      | Killed a death yak
 12343 | D:8      | Killed a death yak
 12542 | D:8      | Killed a death yak
 12543 | D:8      | Reached skill level 1 in Transmutations
 12543 | D:8      | Reached skill level 1 in Translocations
 12830 | D:9      | Noticed a two-headed ogre
 12869 | D:9      | Killed a two-headed ogre
 12870 | D:9      | Reached XP level 11. HP: 61/61 MP: 3/21
 13131 | D:9      | Reached skill level 9 in Conjurations
 13754 | D:9      | Noticed Jessica
 13758 | D:9      | Killed Jessica
 13779 | D:9      | Found a shimmering blue altar of Sif Muna.
 13960 | D:10     | Entered Level 10 of the Dungeon
 13978 | D:10     | Identified the +4 hunting sling "Tyoh" {freeze, +Inv Str+4
                  | Dex+3}
 14370 | D:10     | Reached skill level 10 in Conjurations
 14387 | D:10     | Identified the +0 ring mail "Qiehydo" {rElec MP+9}
 14564 | D:10     | Reached **** piety under Fedhas
 15371 | D:10     | Reached skill level 5 in Fighting
 16571 | Lair:1   | Entered Level 1 of the Lair of Beasts
 16679 | Lair:1   | Mangled by a polar bear

Illustrated notes

Levels and vault maps discovered:
D:1:      heliophobic_arrival_enchanted_forest, layout_basic
D:2:      layout_basic, minmay_misc_feat_chi, minmay_small_reverse_x
D:3:      layout_loops_ring, minmay_cupped, uniq_grinder
D:4:      layout_basic, overflow_temple_1_default, minitemple,
          minmay_temple_entry_large_hall, serial_corexii_hall,
          corexii_hall_statues_x, chequers_hall_statues_corner_a,
          corexii_hall_statues_x, corexii_hall_statues_i,
          corexii_hall_statues_u, corexii_hall_statues_i, kennysheep_crisscross,
          hangedman_abyss_or_decor_jellyfish_corner, uniq_ijyb
D:5:      layout_rooms, basic_altar, nicolae_qazlal_eye_of_the_storm,
          uniq_blork_the_orc, uniq_duvessa, uniq_pikel
D:6:      layout_rooms, basic_altar, uniq_maggie
D:7:      layout_rooms, serial_shops, shop, uniq_menkaure
D:8:      layout_basic, tgw_fedhas
D:9:      layout_basic, tgw_sif, dpeg_lair_monsters
D:10:     layout_layer_cave
Temple:   regret_index_temple_sphere_string
Lair:1:   layout_roguey, ebering_ghost_reflecting_pool, beast_lair_carwin_9,
          serial_bayou_shore_b, uniq_harold

Skill      XL: |  1  2  3  4  5  6  7  8  9 10 11 |
---------------+----------------------------------+-----
Spellcasting   | 3 4 5 6 |  6.0
Conjurations   | 3 5 6 8 10 | 10.0
Fighting       | 1 4 6 |  6.0
Invocations    | 2 4 5 8 |  8.0
Dodging        | 3 5 8 |  8.4
Evocations     | 2 3 5 |  5.0
Shields        | 4 |  4.0
Transmutations | 1 |  1.0
Translocations | 1 |  1.0
Stealth        | |  2.0
Earth Magic    | |  2.1

Action                   |  1- 3 |  4- 6 |  7- 9 | 10-12 || total
-------------------------+-------+-------+-------+-------++-------
Melee: Dagger            |    63 |    40 |    69 |    26 ||   198
       Kick              |     4 |    12 |    24 |     5 ||    45
       Peck              |     5 |     3 |     8 |    10 ||    26
 Cast: Sandblast         |    22 |    46 |     2 |     2 ||    72
       Stone Arrow       |       |     7 |   128 |   188 ||   323
 Abil: Fly               |       |     1 |       |       ||     1
Evoke: Wand              |       |       |     6 |     3 ||     9
  Use: Scroll            |     2 |     5 |       |     1 ||     8
 Stab: Sleeping          |     5 |     2 |       |       ||     7
Armor: Robe              |    18 |     9 |       |       ||    27
       Leather armour    |       |     2 |     7 |       ||     9
       Swamp dragon scal |       |       |    16 |     5 ||    21
       Ring mail         |       |       |       |     6 ||     6
Dodge: Dodged            |    35 |    50 |   147 |   153 ||   385

Table legend: (Time is in decaauts)
 A = Elapsed time spent in this place.
 B = Non-inter-level travel time spent in this place.
 C = Inter-level travel time spent in this place.
 D = Time resting spent in this place.
 E = Time spent auto-exploring this place.
 F = Levels seen in this place.
 G = Mean time per level.
                   A        B        C        D        E       F      G
               +--------+--------+--------+--------+--------+-----+--------+
         Total |  16151 |  15747 |    404 |     92 |  13691 |  12 | 1345.9 |
       Dungeon |  15968 |  15588 |    380 |     92 |  13552 |  10 | 1596.8 |
        Temple |    171 |    149 |     22 |      0 |    138 |   1 |  171.0 |
          Lair |     11 |     10 |      1 |      0 |      0 |   1 |   11.0 |
               +--------+--------+--------+--------+--------+-----+--------+

Top non-repeatable levels by time:
     D:8: 2512 daAuts
     D:9: 2128 daAuts
     D:4: 2042 daAuts
    D:10: 2026 daAuts
     D:3: 1646 daAuts
     D:7: 1302 daAuts
     D:5: 1257 daAuts
     D:1: 1245 daAuts
     D:2: 1034 daAuts
     D:6: 772 daAuts
  Temple: 171 daAuts
  Lair:1: 11 daAuts
